 Dungeon Crawl Stone Soup version 0.29-a0-284-gf9362112df (webtiles) character file.

Game seed: 18041448448342541655

106 sammy202020 the Skirmisher (level 4, -10/39 HPs)
             Began as a Palentonga Fighter on Mar 21, 2022.
             Mangled by an ogre
             ... wielding a +0 giant club
              (35 damage)
             ... on level 3 of the Dungeon.
             The game lasted 00:03:02 (3109 turns).

sammy202020 the Skirmisher (Palentonga Fighter)     Turns: 3109, Time: 00:03:03

Health: -10/39     AC:  7    Str: 19    XL:     4   Next: 55%
Magic:  4/4        EV:  6    Int: 10    God:
Gold:   127        SH:  8    Dex: 10    Spells: 3/3 levels left

rFire   . . .      SeeInvis +   a - +0 flail
rCold   . . .      Faith    .   e - +0 kite shield
rNeg    . . .      Spirit   .   b - +0 scale mail
rPois   .          Reflect  .   j - +0 helmet
rElec   .          Harm     .   (no cloak)
rCorr   .          Rampage  .   (no gloves)
Will    .....                   (no barding)
Stlth   ..........              (no amulet)
HPRegen 0.13/turn               (no ring)
MPRegen 0.09/turn               (no ring)

@: no status effects
A: large, rugged brown scales 3, see invisible, deformed body, roll 1, armoured
tail
a: Rolling Charge


You were on level 3 of the Dungeon.
You visited 1 branch of the dungeon, and saw 3 of its levels.

You collected 127 gold pieces.

Inventory:

Hand Weapons
 a - a +0 flail (weapon)
Armour
 b - a +0 scale mail (worn)
 e - a +0 kite shield (worn)
 j - a +0 helmet (worn)
Scrolls
 d - a scroll of teleportation {unknown}
 f - a scroll of identify {unknown}
 h - a scroll of amnesia {unknown}
 i - a scroll of enchant weapon {unknown}
Potions
 c - a potion of brilliance {unknown}
 g - a potion of lignification
 k - a potion of flight {unknown}


   Skills:
 + Level 3.7 Fighting
 + Level 2.9 Maces & Flails
 + Level 3.0 Armour
 + Level 3.1 Shields


You had 3 spell levels left.
You didn't know any spells.
Your spell library contained the following spells:

 Spells                   Type           Power      Damage    Failure   Level
 Slow                     Hex            0%         N/A       95%         1
 Confusing Touch          Hex            0%         N/A       100%        3
 Vampiric Draining        Necr           0%         2d6       100%        3


Dungeon Overview and Level Annotations

Branches:
Dungeon (3/15)

Altars:

Annotations:
D:3 Terence


Innate Abilities, Weirdness & Mutations

You are completely covered in rugged brown scales. (AC +3, +7% HP)
You have supernaturally acute eyesight. (SInv)
Armour fits poorly on your strangely shaped body.
You can roll at nearby foes to attack.
You have a long armoured tail.


Message History

No target in view!
No target in view!
No target in view!
No target in view!
No target in view!
No target in view!
No target in view!
No target in view!
No target in view!
No target in view!
You see here a hobgoblin corpse.
A giant cockroach comes into view.
A giant cockroach is nearby!
You closely miss the giant cockroach. You tail-slap the giant cockroach.
You kill the giant cockroach!
No target in view!
No target in view!
No target in view!
No target in view!
No target in view!
No target in view!
No target in view!
No target in view!
No target in view!
No target in view!
No target in view!
No target in view!
No target in view!
An ogre comes into view. It is wielding a +0 giant club.
The ogre shouts!
You hear a shout!
You see here 16 gold pieces.
An ogre is nearby!
Terence the Incautious comes into view.
He is wielding a +0 mace and carrying a wand of flame (8).
Terence shouts!
The ogre hits you with a +0 giant club!
You hit the ogre but do no damage. You tail-slap the ogre.
The ogre is lightly wounded.
The ogre hits you with a +0 giant club!!
Ouch! That really hurt!
You die...

####.##.#...........
#.##..###......# ##
#.##..! #......##...
## #.###.#
#.......... .# #.#
#.# #.....##.##
.###.###.####..$..##
...........†.......#
.#######.#######.#.#
.# #.# #@..# .(
#.......@O..# ###
............#
##########..# ...
..#. ..... .#####


You could see an ogre and Terence.

Vanquished Creatures
  A gnoll (D:1)
  2 adders (D:2)
  A worm (D:2)
  3 dart slugs
  5 orcs (D:3)
  4 ball pythons (D:1)
  6 bats
  6 endoplasms
  2 giant cockroaches
  6 goblins
  10 hobgoblins
  2 kobolds
  2 quokkas
  2 frilled lizards
  5 rats
57 creatures vanquished.

Vanquished Creatures (others)
  2 plants (D:1)
2 creatures vanquished.

Grand Total: 59 creatures vanquished

Notes
Turn   | Place    | Note
-------+----------+-------------------------------------------
     0 | D:1      | sammy202020 the Palentonga Fighter began the quest for the
                  | Orb.
     0 | D:1      | Reached XP level 1. HP: 19/19 MP: 1/1
   133 | D:1      | Reached XP level 2. HP: 23/25 MP: 2/2
   660 | D:1      | Reached XP level 3. HP: 31/31 MP: 3/3
  1142 | D:1      | Found a faded altar of an unknown god.
  1893 | D:2      | HP: 2/46 [poisoned by an adder]
  1895 | D:2      | Reached XP level 4. HP: 2/37 MP: 4/4
  3105 | D:3      | Noticed an ogre
  3106 | D:3      | Noticed Terence
  3109 | D:3      | Mangled by an ogre

Illustrated notes

Levels and vault maps discovered:
D:1:      eino_arrival_druids_welcome, layout_basic,
          shapermc_ecumenical_altar_pompeii, serial_co_window_serial,
          co_window_of_opportunity_a, co_window_corner_a, co_window_paths_b,
          co_window_paths_a, co_window_paths_b, co_window_paths_a,
          co_window_of_opportunity_a, co_window_of_opportunity_a,
          co_window_corner_a, co_window_broadway_b, co_window_corner_ca,
          co_window_corner_b, co_window_broadway_c, co_window_4corner_a,
          glass_columns_a, glass_columns_b, glass_columns_b, glass_columns_a,
          glass_columns_a
D:2:      layout_basic
D:3:      layout_loops_ring, kennysheep_nondescript, uniq_terence

Skill      XL: |  1  2  3  4 |
---------------+-------------+-----
Shields        | 3 |  3.1
Armour         | 3 |  3.0
Fighting       | |  3.7
Maces & Flails | |  2.9

Action                   |  1- 3 |  4- 6 || total
-------------------------+-------+-------++-------
Melee: Flail             |   104 |    46 ||   150
       Tailslap          |     6 |     5 ||    11
 Abil: Rolling Charge    |     1 |       ||     1
  Use: Potion            |     2 |       ||     2
Armor: Scale mail        |    51 |    24 ||    75
       Skin              |     3 |     1 ||     4
Dodge: Dodged            |    34 |    14 ||    48
Block: Buckler           |     2 |       ||     2
       Kite shield       |    31 |    24 ||    55

Table legend: (Time is in decaauts)
 A = Elapsed time spent in this place.
 B = Non-inter-level travel time spent in this place.
 C = Inter-level travel time spent in this place.
 D = Time resting spent in this place.
 E = Time spent auto-exploring this place.
 F = Levels seen in this place.
 G = Mean time per level.
                   A        B        C        D        E       F      G
               +--------+--------+--------+--------+--------+-----+--------+
         Total |   3166 |   3110 |     56 |    289 |   2298 |   3 | 1055.3 |
       Dungeon |   3166 |   3110 |     56 |    289 |   2298 |   3 | 1055.3 |
               +--------+--------+--------+--------+--------+-----+--------+

Top non-repeatable levels by time:
     D:1: 1722 daAuts
     D:2: 1143 daAuts
     D:3: 301 daAuts
